 Dungeon Crawl Stone Soup version 0.26.1-11-gd32895ea62 (webtiles) character file.

Game seed: 13284377173213673143

23 Felido the Sneak (level 2, 0/24 HPs)
             Began as a Naga Enchanter on June 27, 2021.
             Slain by a hobgoblin (3 damage)
             ... on level 2 of the Dungeon.
             The game lasted 00:07:36 (1651 turns).

Felido the Sneak (Naga Enchanter)                   Turns: 1651, Time: 00:07:36

Health: 0/24       AC:  3    Str: 16    XL:     2   Next: 95%
Magic:  3/5        EV:  9    Int: 15    God:
Gold:   67         SH:  0    Dex: 11    Spells: 2/5 levels left

rFire    . . .     SeeInvis +   a - +1 dagger
rCold    . . .     Faith    .   (no shield)
rNeg     . . .     Spirit   .   j - +0 leather armour
rPois    +         Reflect  .   (no helmet)
rElec    .         Harm     .   (no cloak)
rCorr    .         Rampage  .   g - +0 pair of gloves
Will     .....                  (no barding)
Stlth    ++........             (no amulet)
HPRegen  0.08/turn              e - +6 ring of strength
MPRegen  0.09/turn              (no ring)

@: very slow
A: large, see invisible, deformed body, poison resistance, slowness 2, spit
poison 1, AC +0
a: Spit Poison


You were on level 2 of the Dungeon.
You visited 1 branch of the dungeon, and saw 2 of its levels.

You collected 67 gold pieces.

Inventory:

Hand Weapons
 a - a +1 dagger (weapon)
 m - a +0 short sword
Armour
 b - a +0 robe
 g - a +0 pair of gloves (worn)
 j - a +0 leather armour (worn)
Jewellery
 e - a +6 ring of strength (left hand)
Scrolls
 c - a scroll of enchant weapon {unknown}
 d - a scroll of remove curse


   Skills:
 + Level 0.3 Fighting
 + Level 1.3 Short Blades
 + Level 1.7 Dodging
 + Level 4.5 Stealth
 + Level 2.2 Spellcasting
 + Level 3.4 Hexes


You had 2 spell levels left.
You knew the following spells:

 Your Spells              Type           Power        Failure   Level
a - Corona                Hex            12%          7%          1
b - Ensorcelled Hibernat  Hex/Ice        12%          21%         2

Your spell library contained the following spells:

 Spells                   Type           Power        Failure   Level
 Confusing Touch          Hex            11%          21%         3
 Tukima's Dance           Hex            11%          21%         3
 Dazzling Flash           Conj/Hex       12%          36%         3


Dungeon Overview and Level Annotations

Branches:
Dungeon (2/15)

Altars:

Annotations:
D:2 Crazy Yiuf


Innate Abilities, Weirdness & Mutations

You cannot wear boots.
Your serpentine skin is tough. (AC +0)
You have supernaturally acute eyesight. (SInv)
Armour fits poorly on your strangely shaped body.
Your system is resistant to poisons. (rPois)
You cover ground very slowly.
You can spit poison.


Message History

The kobold hits you.
* * * LOW HITPOINT WARNING * * *
You hit the kobold.
You kill the kobold!
You are too injured to fight recklessly!
Casting: Corona (safe; 7% risk of failure)
Confirm with . or Enter, or press ? or * to list all spells.
Aiming: Corona (safe; 7% risk of failure)
Press: ? - help, Shift-Dir - straight line, f - hobgoblin
Aim: a hobgoblin (chance to affect: 64%)
The hobgoblin is outlined in light.
A hobgoblin is nearby!
You hit the hobgoblin.
The hobgoblin is moderately wounded.
The hobgoblin hits you.
* * * LOW HITPOINT WARNING * * *
You hit the hobgoblin.
The hobgoblin is almost dead.
The hobgoblin hits you.
You die...

.# #........# #####..######..##
.###........### #......##...#
..............#######....####....
#############.##.........# ##..#
# #....###.#...# #...# # #..###
#.#.### ##... # #.## #...# ##.#
####.# .####.######..## ##.
.....# ......#(@.....# #.# ######
##..g####.## ##.# . .......##
#..# #.## ....#.. ....# #'#
.............# .g. .
.............# #...# #
......K....... #)..#
##.#.........# ##### #
............#


You could see a hobgoblin (corona).

Vanquished Creatures
  An ooze (D:1)
  A dart slug (D:1)
  A leopard gecko (D:1)
  2 bats
  A giant cockroach (D:2)
  2 goblins
  2 hobgoblins
  2 kobolds
  A quokka skeleton (D:2)
  2 rats (D:2)
15 creatures vanquished.

Vanquished Creatures (others)
  A fungus (D:1)
1 creature vanquished.

Grand Total: 16 creatures vanquished

Notes
Turn   | Place    | Note
-------+----------+-------------------------------------------
     0 | D:1      | Felido the Naga Enchanter began the quest for the Orb.
     0 | D:1      | Reached XP level 1. HP: 15/15 MP: 3/3
   632 | D:1      | Reached XP level 2. HP: 15/22 MP: 3/5
   727 | D:1      | Learned a level 2 spell: Ensorcelled Hibernation
  1555 | D:2      | Found a runed translucent door.
  1556 | D:2      | Noticed Crazy Yiuf
  1651 | D:2      | Slain by a hobgoblin

Illustrated notes

Levels and vault maps discovered:
D:1:      dpeg_arrival_water_fire, layout_rooms
D:2:      layout_rooms, nicolae_overflow_hidden_temple, roderic_lattice_a,
          corexii_hall_statues_s, uniq_crazy_yiuf_cottage

Action                   || total
-------------------------++-------
Melee: Dagger            ||    72
 Cast: Corona            ||    18
  Use: Scroll            ||     4
       Potion            ||     4
Armor: Robe              ||     1
       Leather armour    ||     6
Dodge: Dodged            ||    24
